 Dungeon Crawl Stone Soup version 0.20-a0-501-g0de2c2e (webtiles) character file.

77 Jmtri7 the Ducker (level 4, 0/31 HPs)
             Began as an Octopode Monk on Jan 20, 2017.
             Slain by a kobold (4 damage)
             ... on level 3 of the Dungeon.
             The game lasted 00:03:16 (1858 turns).

Jmtri7 the Ducker (Octopode Monk)                   Turns: 1858, Time: 00:03:16

Health: 0/31       AC:  1    Str: 10    XL:     4   Next: 34%
Magic:  4/4        EV: 16    Int: 12    God:
Gold:   142        SH:  0    Dex: 15    Spells: 3/3 levels left

rFire    . . .     SeeInvis .   a - +0 falchion
rCold    . . .     Gourm    .   (no shield)
rNeg     . . .     Faith    .   (helmet restricted)
rPois    .         Spirit   .   (no amulet)
rElec    .         Reflect  .   (no ring)
rCorr    .         Harm     .   (no ring)
MR       .....                  (no ring)
Stlth    +++.......             (no ring)
Regen    0.1/turn               (no ring)
                                (no ring)
                                (no ring)
                                (no ring)

@: no status effects
A: almost no armour, stealthy swim, amphibious, 8 rings, constrict 8, camouflage
1, gelatinous body 1
a: no special abilities


You were on level 3 of the Dungeon.
You were near starving.

You visited 1 branch of the dungeon, and saw 3 of its levels.

You collected 142 gold pieces.

Inventory:

Hand Weapons
 a - a +0 falchion (weapon)
Jewellery
 p - a cursed amulet of inaccuracy {unknown}
Wands
 j - a wand of iceblast (13/15)
Scrolls
 c - 2 scrolls of enchant weapon {unknown}
 f - a scroll of magic mapping {unknown}
 h - 2 scrolls of blinking {unknown}
 i - 4 scrolls of remove curse {unknown}
 k - a scroll of noise {unknown}
 m - a scroll of identify {unknown}
 o - a scroll of teleportation {unknown}
Potions
 e - a potion of invisibility {unknown}
 g - 2 potions of curing {unknown}
 n - a potion of might
 q - 2 potions of resistance {unknown}
Comestibles
 b - a bread ration
 d - a beef jerky
 l - a meat ration
 r - a slice of pizza


   Skills:
 - Level 3.0 Fighting
 - Level 3.0 Long Blades
 + Level 5.0 Dodging
 - Level 2.6 Stealth


You had 3 spell levels left.
You didn't know any spells.

Dungeon Overview and Level Annotations

Branches:
Dungeon (3/15)

Altars:

Annotations:
D:3 Sigmund


Innate Abilities, Weirdness & Mutations

You cannot wear most types of armour.
You are very stealthy in the water. (Stealth+)
You are amphibious.
You can wear up to eight rings at the same time.
You can use your tentacles to constrict eight enemies at once.
Your skin changes colour to match your surroundings (Stealth+).
Your rubbery body absorbs attacks. (AC +1, EV +1)


Message History

Sigmund is lightly wounded.
You constrict Sigmund. Sigmund barely misses you.
You riposte.
You hit Sigmund but do no damage.
Sigmund is lightly wounded.
You hit Sigmund but do no damage.
Sigmund is lightly wounded.
You constrict Sigmund, but do no damage.
Sigmund looks at you with fury. Sigmund hits you with a scythe!
* * * LOW HITPOINT WARNING * * *
The kobold hits you.
* * * LOW HITPOINT WARNING * * *
You barely miss Sigmund. You squeeze Sigmund.
Sigmund is moderately wounded.
You constrict Sigmund, but do no damage.
The kobold hits you but does no damage. Sigmund closely misses you.
You hit Sigmund. You squeeze Sigmund, but do no damage.
Sigmund is moderately wounded.
You constrict Sigmund. The kobold hits you.
You die...

#.........
#
##.#.#####
#.###.#.#
#.......#
####...##
##.....##
##.......##
#..?...>..#
+....@....+
#....@K...#
##.......##
##.....##
##...##
##+##


You could see Sigmund and a kobold.

Vanquished Creatures
  Jessica (D:2)
  2 adders
  A worm (D:2)
  A leopard gecko (D:1)
  5 bats
  A giant cockroach (D:1)
  8 goblins
  A hobgoblin (D:1)
  3 frilled lizards
  5 kobolds
  4 rats
32 creatures vanquished.

Notes
Turn   | Place    | Note
-------+----------+-------------------------------------------
     0 | D:1      | Jmtri7 the Octopode Monk began the quest for the Orb.
     0 | D:1      | Reached XP level 1. HP: 16/16 MP: 1/1
   107 | D:1      | Reached XP level 2. HP: 9/21 MP: 2/2
   487 | D:1      | Reached skill level 4 in Dodging
   487 | D:1      | Reached XP level 3. HP: 22/26 MP: 3/3
  1369 | D:2      | Noticed Jessica
  1374 | D:2      | Killed Jessica
  1374 | D:2      | Reached XP level 4. HP: 26/31 MP: 4/4
  1430 | D:2      | Reached skill level 5 in Dodging
  1849 | D:3      | Noticed Sigmund
  1858 | D:3      | Slain by a kobold

Vault maps used:
D:1:      matt_arrival_diagonals, grunt_decor_fettered
D:2:      lemuel_upstairs_altar, uniq_jessica
D:3:      doesnt_xom_only_xom, uniq_sigmund, uniq_iyjb, uniq_terence

Skill      XL: |  1  2  3  4 |
---------------+-------------+-----
Dodging        | 4 5 |  5.0
Fighting       | |  3.0
Long Blades    | |  3.0
Stealth        | |  2.6

Action                   |  1- 3 |  4- 6 || total
-------------------------+-------+-------++-------
Melee: Falchion          |    47 |    12 ||    59
       Constrict         |    21 |     4 ||    25
       Tentacles         |     9 |     3 ||    12
 Stab: Sleeping          |     7 |     3 ||    10
  Eat: Chunk             |     1 |       ||     1
Armor: Skin              |     5 |     1 ||     6
Dodge: Dodged            |    41 |     6 ||    47
       Rpst.: Falchion   |    14 |     1 ||    15
